 Dungeon Crawl Stone Soup version 0.28-a0-691-gad6df49e81 (webtiles) character file.

Game seed: 10194478845333415630

546 KoroneIsBestGirl the Slasher (level 7, -2/55 HPs)
             Began as a Barachi Fighter on Oct 21, 2021.
             Was an Initiate of Gozag.
             Succumbed to a water moccasin's poison
             ... on level 6 of the Dungeon.
             The game lasted 00:06:38 (7445 turns).

KoroneIsBestGirl the Slasher (Barachi Fighter)      Turns: 7445, Time: 00:06:39

Health: -2/55      AC:  7    Str: 21    XL:     7   Next: 28%
Magic:  7/7        EV: 11    Int: 10    God:    Gozag
Gold:   103        SH:  5    Dex: 18    Spells: 6/6 levels left

rFire   . . .      SeeInvis .   a - +0 long sword
rCold   . . .      Faith    .   c - +0 buckler
rNeg    + . .      Spirit   .   b - +0 scale mail
rPois   .          Reflect  .   (no helmet)
rElec   .          Harm     .   (no cloak)
rCorr   .          Rampage  .   (no gloves)
Will    .....                   (no boots)
Stlth   ..........              (no amulet)
HPRegen 0.18/turn               o - ring of positive energy
MPRegen 0.10/turn               v - +6 ring of dexterity

@: lethally poisoned (-2 -> -12), unable to hop, attractive, slow
A: amphibious, slowness 1, strong legs 1, +LOS, deterioration 1, strong 2
a: Hop, Renounce Religion, Potion Petition, Call Merchant, Bribe Branch


You were on level 6 of the Dungeon.
You worshipped Gozag.
Gozag was aware of your devotion.
You visited 2 branches of the dungeon, and saw 7 of its levels.

You collected 121 gold pieces.
You paid 18 gold pieces to Gozag.

Inventory:

Hand Weapons
 a - a +0 long sword (weapon)
Armour
 b - a +0 scale mail (worn)
 c - a +0 buckler (worn)
Jewellery
 o - a ring of positive energy (left hand)
 v - a +6 ring of dexterity (right hand)
Wands
 u - a wand of acid (15)
 w - a wand of polymorph (7)
Scrolls
 e - a scroll of teleportation
 f - a scroll of fog
 g - a scroll of acquirement {unknown}
 h - a scroll of brand weapon {unknown}
 i - a scroll of noise {unknown}
 k - a scroll of identify {unknown}
 l - a scroll of enchant armour {unknown}
 p - a scroll of enchant weapon {unknown}
 q - a scroll of immolation {unknown}
 t - a scroll of silence {unknown}
Potions
 n - a potion of curing


   Skills:
 + Level 4.9 Fighting
 + Level 6.0 Long Blades
 + Level 5.8 Armour
 + Level 2.0 Dodging
 - Level 0.2 Stealth
 + Level 4.2 Shields


You had 6 spell levels left.
You didn't know any spells.
Your spell library contained the following spells:

 Spells                   Type           Power      Damage    Failure   Level
 Ensorcelled Hibernation  Hex/Ice        0%         N/A       82%         2
 Tukima's Dance           Hex            0%         N/A       96%         3


Dungeon Overview and Level Annotations

Branches:
Dungeon (6/15)             Temple (1/1) D:4

Altars:
Ashenzari
Cheibriados
Dithmenos
Elyvilon
Fedhas
Gozag
Hepliaklqana
Kikubaaqudgha
Makhleb
Nemelex Xobeh
Okawaru
Qazlal
Ru
Sif Muna
Trog
Uskayaw
Vehumet
Wu Jian
Xom
Yredelemnul
Zin
The Shining One
Lugonu


Innate Abilities, Weirdness & Mutations

You are amphibious.
You cover ground slowly.
You can hop short distances.
You have an extended range of vision and can be seen from far away.
Your body sometimes deteriorates upon taking damage.
Your muscles are very strong. (Str +4)


Message History

You feel yourself slow down. You block the water moccasin's attack.
The water moccasin bites you.
* * * LOW HITPOINT WARNING * * *
The water moccasin barely misses you.
There is a stone staircase leading down here.
The water moccasin misses you.
You fly downwards.
Found a trident.
There is a stone staircase leading up here.
It was a potion of attraction.
You feel attractive to monsters. The water moccasin bites you.
* * * LOW HITPOINT WARNING * * *
You are lethally poisoned!
The water moccasin poisons you!
The water moccasin bites you but does no damage.
It was a potion of mutation.
You feel extremely strange.
You feel yourself wasting away.
You feel stronger. x2
You float gracefully downwards.
* * * LOW HITPOINT WARNING * * *
You feel very sick. The water moccasin bites you.
* * * LOW HITPOINT WARNING * * *
You are more poisoned.
The water moccasin poisons you!
It was a potion of curing.
You feel better.
The water moccasin bites you but does no damage.
The water moccasin closely misses you.
You closely miss the water moccasin. The water moccasin bites you.
* * * LOW HITPOINT WARNING * * *
It was a potion of magic.
Magic courses through your body. The water moccasin bites you!
* * * LOW HITPOINT WARNING * * *
You are lethally poisoned!
The water moccasin poisons you! The water moccasin closely misses you.
You hit the water moccasin.
The water moccasin is lightly wounded.
You die...
Your body crumbles into a pile of gold.

#. #. #)
#. #^ #.
#. #.
#....##.##
#......S@#
......##.#
##.. #.# #
#.# #.#
#.# #.#
..# #.#


You could see a water moccasin.

Vanquished Creatures
  A howler monkey (D:4)
  4 wights
  2 hounds (D:4)
  Natasha (thrice) (D:3)
  Terence (D:3)
  5 adders
  5 gnolls
  An ufetubus (D:5)
  A dart slug (D:3)
  A worm (D:3)
  10 endoplasms
  6 giant cockroaches
  5 goblins
  8 hobgoblins
  9 jackals (D:1)
  3 quokkas
  7 ball pythons
  6 bats
  11 frilled lizards
  5 kobolds
  A quokka skeleton (D:4)
  4 rats
99 creatures vanquished.

Vanquished Creatures (others)
  3 plants (D:3)
3 creatures vanquished.

Grand Total: 102 creatures vanquished

Notes
Turn   | Place    | Note
-------+----------+-------------------------------------------
     0 | D:1      | KoroneIsBestGirl the Barachi Fighter began the quest for
                  | the Orb.
     0 | D:1      | Reached XP level 1. HP: 18/18 MP: 1/1
    90 | D:1      | Reached XP level 2. HP: 17/25 MP: 2/2
   387 | D:1      | Found a faded altar of an unknown god.
   396 | D:1      | Prayed at the altar of an unknown god.
   396 | D:1      | Became a worshipper of Lugonu the Unformed
   396 | D:1      | Reached * piety under Lugonu
   396 | D:1      | Reached ** piety under Lugonu
   740 | D:1      | Reached XP level 3. HP: 24/30 MP: 3/3
   752 | D:1      | Reached skill level 3 in Long Blades
  1722 | D:2      | Reached XP level 4. HP: 37/37 MP: 4/4
  1915 | D:2      | Reached *** piety under Lugonu
  2109 | D:2      | Found a glowing silver altar of Zin.
  2132 | D:3      | Reached skill level 1 in Dodging
  2157 | D:2      | Reached skill level 4 in Long Blades
  2157 | D:2      | Reached XP level 5. HP: 4/43 MP: 5/5
  3849 | D:3      | Reached skill level 5 in Armour
  3849 | D:3      | Reached XP level 6. HP: 43/49 MP: 6/6
  4567 | D:3      | Found a sparkling altar of Nemelex Xobeh.
  4691 | D:3      | Found a white marble altar of Elyvilon.
  4701 | D:3      | Found a stormy altar of Qazlal.
  4719 | D:3      | Noticed Natasha
  4737 | D:3      | Killed Natasha
  4738 | D:3      | Reached skill level 5 in Long Blades
  4890 | D:3      | Noticed Terence
  4907 | D:3      | Killed Terence
  5140 | D:3      | Found a shimmering altar of Xom.
  5141 | D:3      | Noticed Natasha
  5861 | D:3      | Killed Natasha
  5909 | D:3      | Noticed Natasha
  6028 | D:3      | Killed Natasha
  6213 | D:4      | Found a staircase to the Ecumenical Temple.
  6229 | Temple   | Entered the Ecumenical Temple
  6298 | Temple   | Fell from the grace of Lugonu
  6298 | Temple   | Became a worshipper of Gozag Ym Sagoz the Greedy
  6542 | D:4      | Reached XP level 7. HP: 55/55 MP: 7/7
  6573 | D:4      | Reached skill level 6 in Long Blades
  6659 | D:4      | HP: 1/55 [small abomination[the touch of Lugonu] (19)]
  6716 | D:4      | Noticed an ancient zyme
  6716 | D:4      | Noticed a small abomination
  7235 | D:3      | Noticed a small abomination
  7235 | D:3      | Noticed a small abomination
  7331 | D:5      | Entered Level 5 of the Dungeon
  7441 | D:6      | Gained mutation: Your body sometimes deteriorates upon
                  | taking damage. [potion of mutation]
  7441 | D:6      | Gained mutation: Your muscles are strong. (Str +2) [potion
                  | of mutation]
  7441 | D:6      | Gained mutation: Your muscles are very strong. (Str +4)
                  | [potion of mutation]
  7444 | D:6      | HP: 1/55 [water moccasin (8)]
  7445 | D:6      | Succumbed to a water moccasin's poison

Illustrated notes

Levels and vault maps discovered:
D:1:      nicolae_arrival_somewhat_less_tricky_arrival, layout_basic,
          shapermc_ecumenical_altar_pompeii, minmay_misc_feat_tiny,
          grunt_decor_one_mirror
D:2:      layout_rooms, basic_altar, minmay_hexomino_p4
D:3:      layout_basic, nicolae_overflow_quartered_altars,
          kennysheep_decorative_pillar, minmay_lizard_king, uniq_terence,
          uniq_natasha
D:4:      layout_basic, minmay_temple_entry_crystal_x, cheibrodos_gnoll_hut
D:5:      layout_loops_ring
D:6:      layout_basic
Temple:   hc_temple_tempest_star

Skill      XL: |  1  2  3  4  5  6  7 |
---------------+----------------------+-----
Fighting       | 4 |  4.9
Armour         | 4 5 |  5.8
Long Blades    | 3 4 5 6 |  6.0
Dodging        | 1 2 |  2.0
Shields        | 4 |  4.2
Stealth        | |  0.2

Action                   |  1- 3 |  4- 6 |  7- 9 || total
-------------------------+-------+-------+-------++-------
Melee: Long sword        |   154 |   206 |    40 ||   400
 Abil: Hop               |       |       |     3 ||     3
  Use: Scroll            |       |     2 |     1 ||     3
       Potion            |       |     1 |     6 ||     7
Armor: Scale mail        |   103 |    72 |    19 ||   194
Dodge: Dodged            |   101 |   108 |    34 ||   243
Block: Buckler           |    54 |    48 |    11 ||   113

Table legend: (Time is in decaauts)
 A = Elapsed time spent in this place.
 B = Non-inter-level travel time spent in this place.
 C = Inter-level travel time spent in this place.
 D = Time resting spent in this place.
 E = Time spent auto-exploring this place.
 F = Levels seen in this place.
 G = Mean time per level.
                   A        B        C        D        E       F      G
               +--------+--------+--------+--------+--------+-----+--------+
         Total |   8012 |   7812 |    200 |   2952 |   3794 |   7 | 1144.6 |
       Dungeon |   7913 |   7737 |    176 |   2952 |   3738 |   6 | 1318.8 |
        Temple |     99 |     75 |     24 |      0 |     56 |   1 |   99.0 |
               +--------+--------+--------+--------+--------+-----+--------+

Top non-repeatable levels by time:
     D:2: 2820 daAuts
     D:3: 2640 daAuts
     D:1: 1735 daAuts
     D:4: 611 daAuts
     D:5: 99 daAuts
  Temple: 99 daAuts
     D:6: 5 daAuts
